 Dungeon Crawl Stone Soup version 0.17-a0-1849-g8a24fa2 (webtiles) character file.

0 Ololoev the Ducker (level 1, -2/11 HPs)
             Began as a Spriggan Abyssal Knight on Sept 18, 2015.
             Was a Follower of Lugonu.
             Killed from afar by a white imp (9 damage)
             ... with a puff of frost
             ... on level 2 of the Abyss.
             The game lasted 00:00:44 (126 turns).

Ololoev the Ducker (Spriggan Abyssal Knight)         Turns: 126, Time: 00:00:44

Health: -2/11      AC:  2    Str:  8    XL:     1   Next: 0%
Magic:  3/3        EV: 18    Int: 13    God:    Lugonu [*.....]
Gold:   18         SH:  0    Dex: 15    Spells: 0 memorised, 0 levels left

rFire  . . .     SeeInvis +     a - +1 spear
rCold  . . .     Clarity  .     b - +0 robe
rNeg   . . .     SustAt   .     (shield restricted)
rPois  .         Gourm    .     (helmet restricted)
rElec  .         Spirit   .     (no cloak)
rCorr  .         Warding  .     (gloves unavailable)
rMut   .         Stasis   .     (boots unavailable)
MR     .....                    (no amulet)
Stlth  +.........               (no ring)
                                (no ring)

@: very quick, not resistant to hostile enchantments, very unstealthy
A: unfitting armour, see invisible, herbivore 3, speed 3, slow metabolism 2
a: Depart the Abyss, Renounce Religion


Innate Abilities, Weirdness & Mutations

You are tiny and cannot use many weapons and most armour.
You have supernaturally acute eyesight.
You are a herbivore.
You cover ground extremely quickly.
You need consume almost no food.

Inventory:

Hand weapons
 a - a +1 spear (weapon)
Armour
 b - a +0 robe (worn)
Magical devices
 d - a wand of magic darts (29)
Potions
 f - 2 potions of invisibility {unknown}
Books
 e - a book of Geomancy

   Spells                             Type                      Level
   a - Sandblast                      Earth                        1
   b - Stoneskin                      Transmutation/Earth          2
   c - Passwall                       Transmutation/Earth          3
   d - Stone Arrow                    Conjuration/Earth            3
   e - Petrify                        Transmutation/Earth          4
   f - Lee's Rapid Deconstruction     Earth                        5
Comestibles
 c - a bread ration


   Skills:
 - Level 2.4 Fighting
 * Level 1.3 Polearms
 + Level 3.5 Dodging
 - Level 1.7 Invocations


You couldn't memorise any spells.
You didn't know any spells.


You were on level 2 of the Abyss.
You worshipped Lugonu.
Lugonu was aware of your devotion.
You were not hungry.

You visited 0 branches of the dungeon, and saw 0 of its levels.
You visited the Abyss 1 time.

You collected 18 gold pieces.

.# . . ##. #.
#.#...5 #
...#.#.. #. .
....# ..#...#.
.#. ..#..# ..
#...##.# .
###@.#..#..
##.#........
#..#.#..####
#.......#
#....#####
##...#... #
#..#....#..#
#.##.#......###.
# ......##.....#

Notes
Turn   | Place    | Note
--------------------------------------------------------------
     0 | Abyss:1  | Ololoev the Spriggan Abyssal Knight began the quest for the Orb.
     0 | Abyss:1  | Reached XP level 1. HP: 11/11 MP: 3/3
    89 | Abyss:2  | Noticed an ancient zyme
    92 | Abyss:2  | Noticed a large abomination
   108 | Abyss:2  | Noticed a tentacled starspawn
   117 | Abyss:2  | Noticed a starcursed mass
   120 | Abyss:2  | Noticed a large abomination
   126 | Abyss:2  | Killed from afar by a white imp

Dungeon Overview and Level Annotations

Branches:
Dungeon (0/15)

Altars:


Message History

Welcome, Ololoev the Spriggan Abyssal Knight.
The bosom of this dungeon contains the fabled artefact, the Orb of Zot.
Lugonu says: Depart the Abyss and spread corruption, my servant! (use the ability menu to exit the Abyss) Press ? for a list of commands and other information.
Found a corrupted altar of Lugonu.
Found a dagger.
Found a gateway leading deeper into the Abyss.
There is a gateway leading deeper into the Abyss here.
You plunge deeper into the Abyss.
Found a brass wand.
Found two portals.
d - a wand of magic darts
Found a crooked glowing staff.
Found a papyrus book.
Found 2 metallic orange potions.
e - a book of Geomancy
f - 2 metallic orange potions You can't memorise that many levels of magic yet!
Found a long sword.
Okay, then.
You now have 18 gold pieces.
An ancient zyme assembles itself!
A large abomination comes into view.
A tentacled starspawn comes into view.
A starcursed mass comes into view.
The starcursed mass shrieks in your mind.
A large abomination comes into view.
A white imp comes into view.
The white imp shouts!
The white imp gestures at you. The puff of frost hits you!
Ouch! That really hurt!
You die...

You could see a white imp.

Vanquished Creatures (others)
  2 starspawn tentacles (Abyss:2)
2 creatures vanquished.

Vault maps used:
